 Dungeon Crawl Stone Soup version 0.31.0-32-g396128a36d (webtiles) character file.

Game seed: 1675006633604368096

122 tizbic2 the Charlatan (level 5, -4/39 HPs)
             Began as a Barachi Artificer on Mar 25, 2024.
             Killed from afar by an orc wizard (10 damage)
             ... with a puff of flame
             ... on level 3 of the Dungeon.
             The game lasted 00:09:22 (2304 turns).

tizbic2 the Charlatan (Barachi Artificer)           Turns: 2304, Time: 00:09:23

Health: -4/39      AC:  5    Str: 15    XL:     5   Next: 6%
Magic:  5/5        EV:  9    Int: 12    God:
Gold:   89         SH:  0    Dex: 12    Spells: 4/4 levels left

rFire   . . .        a - +0 club
rCold   . . .        p - +0 kite shield
rNeg    . . .        b - +0 leather armour
rPois   .            s - +1 helmet
rElec   .            (no cloak)
rCorr   .            (no gloves)
SInv    .            (no boots)
Will    .....        (no amulet)
Stlth   +            (no ring)
HPRegen 0.26/turn    (no ring)
MPRegen 0.09/turn

%: no passive effects
@: confused, slow
A: amphibious, slowness 1, strong legs 1, +LOS
a: Hop


You were on level 3 of the Dungeon.
You visited 1 branch of the dungeon, and saw 3 of its levels.

You collected 89 gold pieces.

Inventory:

Hand Weapons
 a - a +0 club (weapon)
 f - a +0 whip
 w - a +0 sling
Missiles
 j - 3 javelins
 o - 3 poisoned darts
Armour
 b - a +0 leather armour (worn)
 p - a +0 kite shield (worn)
 s - a +1 helmet (worn)
Jewellery
 h - a ring of poison resistance
Wands
 c - a wand of flame (12) (quivered)
 d - a wand of charming (15)
 e - a wand of iceblast (5)
 l - a wand of quicksilver (4)
 r - a wand of roots (11)
Scrolls
 m - a scroll of noise {unknown}
 n - a scroll of fear {unknown}
 q - a scroll of identify
 t - a scroll of butterflies {unknown}
 u - 2 scrolls of enchant weapon {unknown}
Potions
 g - a potion of degeneration {unknown}
 i - 2 potions of brilliance
 k - a potion of attraction {unknown}
 v - a potion of curing {unknown}
 x - 2 potions of mutation {unknown}


   Skills:
 + Level 2.7 Fighting
 + Level 2.4 Staves
 - Level 2.4 Armour
 - Level 1.1 Dodging
 - Level 0.8 Stealth
 * Level 1.9 Shields
 + Level 4.3 Evocations


You had 4 spell levels left.
You didn't know any spells.
Your spell library contained the following spells:

 Spells                   Type           Power      Damage    Failure   Level
 Kiss of Death            Conj/Necr      0%         2d5       80%         1
 Confusing Touch          Hex            0%         N/A       99%         3
 Dispel Undead            Necr           0%         3d6       100%        4


Dungeon Overview and Level Annotations

Branches:
Dungeon (3/15)

Altars:

Portals:
Abyss: D:3

Annotations:
D:3 2 transporters, Pollywompus's ghost, amateur DsGl


Innate Abilities, Weirdness & Mutations

You are amphibious.
You cover ground slowly.
You can hop short distances.
You have an extended range of vision and can be seen from far away.


Message History

You hear some strange, mumbled words.
You are confused.
You bump into the rock wall.
You hear some strange, mumbled words.
You are more confused.
You bump into the rock wall.
Something hits you but does no damage.
You bump into the rock wall.
Something hits you.
You miss something.
An orc wizard appears from thin air!
Reactivating autopickup.
The orc wizard points at you and mumbles some strange words.
The magic dart hits you.
The orc wizard hits you but does no damage.
You bump into the rock wall.
The orc wizard hits you but does no damage.
You bump into the rock wall.
The orc wizard casts a spell at you.
You are more confused.
You bump into the rock wall.
The orc wizard hits you but does no damage.
You're too confused to move!
The orc wizard hits you with a +0 dagger.
You bump into the rock wall.
The orc wizard hits you but does no damage.
You bump into the rock wall.
The orc wizard hits you but does no damage.
You bump into the rock wall.
The orc wizard hits you with a +0 dagger.
You bump into the rock wall.
The orc wizard hits you but does no damage.
You miss the orc wizard.
The orc wizard points at you and mumbles some strange words.
The puff of flame hits you!
* * * LOW HITPOINT WARNING * * *
The orc wizard casts a spell at you. The magic dart hits you.
* * * LOW HITPOINT WARNING * * *
You closely miss the orc wizard. The orc wizard casts a spell at you.
The puff of flame hits you!
You die...

#....##..##............ #.#.....
##....##..##.............#.#.....
##....##..##.............#.#.....
.'.........'.....................
##....#...##.........###.#.......
##....#...##############.#..%....
.................... .##.#...####
.....###...######.###.##.........
.....##.........@o..............#
.............#######..##.#...####
..............# #.....#...# ##
......####.....# #..##.#...###.
#...###55#......####..##.#.......
#..## x.##...........)...#.......
#### .^.#.....#.####..##.#.......
∩....##.##.........##....#.......
#^..# #x##..............o.......


You could see an orc wizard.

Vanquished Creatures
  A bombardier beetle (D:3)
  3 gnolls (D:2)
  An adder (D:2)
  A dart slug (D:1)
  2 orcs
  3 endoplasms (D:1)
  A giant cockroach (D:1)
  4 goblins
  8 hobgoblins
  2 kobolds (D:1)
  5 quokkas (D:1)
  4 ball pythons
  5 bats
  2 frilled lizards
  6 rats
48 creatures vanquished.

Notes
Turn   | Place    | Note
-------+----------+-------------------------------------------
     0 | D:1      | tizbic2 the Barachi Artificer began the quest for the Orb.
     0 | D:1      | Reached XP level 1. HP: 15/15 MP: 1/1
   167 | D:1      | Reached skill level 1 in Staves
   167 | D:1      | Reached XP level 2. HP: 21/21 MP: 2/2
   339 | D:1      | Reached XP level 3. HP: 15/27 MP: 3/3
  1227 | D:2      | Reached skill level 4 in Evocations
  1589 | D:2      | Reached XP level 4. HP: 33/33 MP: 4/4
  1614 | D:2      | Reached skill level 1 in Shields
  2082 | D:3      | Reached XP level 5. HP: 39/39 MP: 5/5
  2143 | D:3      | Found a transporter.
  2167 | D:3      | Noticed a small abomination
  2178 | D:3      | Found a one-way gate to the infinite horrors of the Abyss.
  2188 | D:3      | Found a transporter.
  2188 | D:3      | Noticed a small abomination
  2253 | D:3      | Noticed Pollywompus's ghost (amateur DsGl)
  2304 | D:3      | Killed from afar by an orc wizard

Illustrated notes

Levels and vault maps discovered:
D:1:      minmay_arrival_hallway, layout_loops_ring, serial_forest,
          infiniplex_forest_clump_curved, infiniplex_forest_lined_ring,
          infiniplex_forest_lined_2, infiniplex_forest_lined_ring,
          infiniplex_forest_lined_room_3, infiniplex_forest_zigzag_1,
          infiniplex_forest_clump_medium
D:2:      layout_basic
D:3:      layout_basic, gammafunk_ghost_abyssal_escape

Skill      XL: |  1  2  3  4 |
---------------+-------------+-----
Staves         | 1 2 |  2.4
Fighting       | 2 |  2.7
Evocations     | 4 |  4.3
Shields        | 1 |  1.9
Armour         | |  2.4
Dodging        | |  1.1
Stealth        | |  0.8

Action                     |  1- 3 |  4- 6 || total
---------------------------+-------+-------++-------
  Melee: Club              |    24 |    71 ||    95
         Punch             |     2 |       ||     2
         Whip              |     1 |       ||     1
   Fire: Sling             |   252 |    24 ||   276
Ability: Hop               |     2 |     1 ||     3
  Evoke: Wand              |     3 |       ||     3
    Use: Scroll            |     2 |       ||     2
 Armour: Leather armour    |    55 |    62 ||   117
  Dodge: Dodged            |    74 |    24 ||    98
  Block: Kite shield       |    15 |    35 ||    50
